 Dungeon Crawl Stone Soup version 0.18.1-48-g4cf74bf (webtiles) character file.

126 Heedrag the Conjurer (level 4, 0/24 HPs)
             Began as a Deep Elf Conjurer on Aug 6, 2016.
             Slain by a hobgoblin (6 damage)
             ... led by Robin
             ... on level 2 of the Dungeon.
             The game lasted 00:03:17 (1430 turns).

Heedrag the Conjurer (Deep Elf Conjurer)            Turns: 1430, Time: 00:03:18

Health: 0/24       AC:  4    Str:  6    XL:     4   Next: 83%
Magic:  9/12       EV: 13    Int: 20    God:
Gold:   95         SH:  0    Dex: 15    Spells: 3 memorised, 4 levels left

rFire  . . .     SeeInvis +     s - +4 quarterstaff (chaos)
rCold  . . .     Gourm    .     a - +0 robe
rNeg   . . .     Faith    .     (shield currently unavailable)
rPois  .         Spirit   .     p - +0 helmet
rElec  .         Dismiss  .     t - +0 cloak
rCorr  .         Reflect  .     (no gloves)
SustAt .         Harm     .     (no boots)
MR     .....                    l - amulet of magic regeneration
Stlth  ++........               (no ring)
                                h - ring of see invisible

@: not resistant to hostile enchantments, unstealthy
A: no striking features
a: no special abilities


You were on level 2 of the Dungeon.
You were hungry.

You visited 1 branch of the dungeon, and saw 2 of its levels.

You collected 95 gold pieces.

Inventory:

Hand Weapons
 s - a +4 quarterstaff of chaos (weapon)
Armour
 a - a +0 robe (worn)
 p - a +0 helmet (worn)
 t - a +0 cloak (worn)
Jewellery
 h - a ring of see invisible (left hand)
 l - an amulet of magic regeneration (around neck)
Scrolls
 d - a scroll of blinking {unknown}
 e - a scroll of noise {unknown}
 k - 2 scrolls of remove curse {unknown}
 n - a scroll of fog {unknown}
 o - a scroll of immolation {unknown}
 r - 2 scrolls of identify {unknown}
Potions
 f - 3 potions of brilliance {unknown}
 g - a potion of degeneration {unknown}
 i - a potion of cancellation {unknown}
 j - 2 potions of flight {unknown}
 m - 2 potions of curing {unknown}
 q - 2 potions of invisibility {unknown}
Books
 b - a book of Conjurations

   Spells                             Type                      Level
   a - Magic Dart                     Conjuration                  1
   b - Searing Ray                    Conjuration                  2
   c - Dazzling Spray                 Conjuration/Hexes            3
   d - Fulminant Prism                Conjuration/Hexes            4
   e - Iskenderun's Mystic Blast      Conjuration                  4
   f - Iskenderun's Battlesphere      Conjuration/Charms           5
Comestibles
 c - a bread ration
 u - 2 chunks of flesh


   Skills:
 - Level 2.4 Dodging
 - Level 2.4 Stealth
 + Level 4.6 Spellcasting
 * Level 6.1 Conjurations


You had 4 spell levels left.
You knew the following spells:

 Your Spells              Type           Power        Failure   Level  Hunger
a - Magic Dart            Conj           ####         1%          1    None
b - Dazzling Spray        Conj/Hex       ###...       12%         3    ##.....
c - Iskenderun's Mystic   Conj           ####....     12%         4    ####...


Dungeon Overview and Level Annotations

Branches:
Dungeon (2/15)

Altars:
Pakellas

Annotations:
D:2 Robin


Message History

Robin roars a battlecry!
Tha goblin goes inta a battle-frenzy!
Ye sock tha goblin!
Ye kill tha goblin!
Ye barely miss tha hobgoblin.
Tha hobgoblin nay longer looks unusu'lly strong.
Robin throws tha goblin at ye!
Tha goblin hits ye.
Tha hobgoblin hits ye.
Robin roars a battlecry!
Tha hobgoblin goes inta a battle-frenzy!
Tha goblin hits ye.
Tha hobgoblin hits ye but does nay damage.
Ye hear a shout!
Ye barely miss tha goblin.
Tha goblin hits ye but does nay damage.
Tha hobgoblin closely misses ye.
Ye hit tha goblin.
Tha goblin be movin' more slowly.
Tha goblin be moderately wounded.
Tha goblin hits ye.
* * * LOW HITPOINT WARNIN'
* * * Tha hobgoblin hits ye.
Ye die...

......... ... ............g
....# #.# ##.........).
.#..#######. #.# ..........g)g
.#.<)....... ... #.##g#.)#
.#..#######.##.# #.......#
.#.............#########.##.##.#
...########..............##.# #
##.###########.#########....#
...............g@gg..)...####
##.............###########
###############


You could see Robin, a hobgoblin and a goblin (petrifying).

Vanquished Creatures
  Crazy Yiuf (D:2)
  Jessica (D:2)
  2 adders (D:2)
  An ooze (D:2)
  3 giant geckos
  A giant cockroach (D:2)
  13 goblins
  5 hobgoblins
  3 jackals (D:1)
  7 bats
  2 giant newts (D:1)
  6 rats
45 creatures vanquished.

Notes
Turn   | Place    | Note
--------------------------------------------------------------
     0 | D:1      | Heedrag the Deep Elf Conjurer began the quest for the Orb.
     0 | D:1      | Reached XP level 1. HP: 10/10 MP: 6/6
   218 | D:1      | Reached XP level 2. HP: 14/15 MP: 2/8
   480 | D:1      | Reached skill level 5 in Conjurations
   821 | D:2      | Found a faded altar to an unknown god.
   899 | D:2      | Noticed Jessica
   902 | D:2      | Killed Jessica
   902 | D:2      | Reached XP level 3. HP: 19/19 MP: 5/10
   907 | D:2      | Learned a level 3 spell: Dazzling Spray
  1110 | D:2      | Noticed Crazy Yiuf
  1116 | D:2      | Killed Crazy Yiuf
  1116 | D:2      | Reached XP level 4. HP: 24/24 MP: 1/12
  1210 | D:2      | Found an oddly glowing altar of Pakellas.
  1224 | D:2      | Reached skill level 6 in Conjurations
  1261 | D:2      | Learned a level 4 spell: Iskenderun's Mystic Blast
  1409 | D:2      | Noticed Robin
  1430 | D:2      | Slain by a hobgoblin

Skill      XL: |  1  2  3  4 |
---------------+-------------+-----
Conjurations   | 5 6 |  6.1
Spellcasting   | 4 |  4.6
Dodging        | |  2.4
Stealth        | |  2.4

Action                   |  1- 3 |  4- 6 || total
-------------------------+-------+-------++-------
Melee: Quarterstaff      |       |     5 ||     5
 Cast: Magic Dart        |    62 |    23 ||    85
       Dazzling Spray    |     1 |     1 ||     2
  Eat: Chunk             |       |     1 ||     1
Armor: Robe              |     1 |     4 ||     5
Dodge: Dodged            |     4 |     1 ||     5
